Map: Ice and Chrome LE

Players

Rex - Winner!

  • Race: Zerg Zerg
  • League: Master
  • Spawn Location: 1:00

ExpecT

  • Race: Terran Terran
  • League: Master
  • Spawn Location: 7:00

Event: DreamHack SC2 Masters 2020 Summer TwHkMoJp

VOD

Have the link to the VOD?

Description

Time

  • Played on: June 27, 2020, 7:15 a.m.
  • Length: 13:50

All games in this series

Show
View Real Time Build Order
Export as new Build Order

Rex Zerg - Winner!

Build Orders: Hatch First, Muta Ling Bane 

Get SALT Encoding   

  12  0:00  Drone  
  13  0:12  Overlord  
  13  0:17  Drone  
  14  0:30  Drone x2  
  16  0:48  Hatchery  
  15  0:52  Drone  
  15  0:55  Drone  
  17  0:58  Drone  
  18  1:10  Extractor  
  17  1:13  Spawning Pool  
  17  1:17  Drone  
  17  1:20  Drone  
  18  1:29  Drone  
  19  1:39  Drone  
  20  1:46  Hatchery  
  19  1:50  Drone  
  20  1:59  Queen  
  22  2:01  Zergling x2  
  22  2:04  Zergling x2  
  24  2:13  Queen  
  26  2:20  Overlord  
  26  2:23  Drone  
  26  2:26  Drone  
  28  2:32  Spore Crawler  
  28  2:36  Spore Crawler  
  26  2:41  Queen  
  26  2:42  Metabolic Boost  
  30  2:46  Drone  
  30  2:48  Drone  
  32  2:56  Drone x3  
  35  2:59  Drone  
  35  3:02  Overlord  
  36  3:10  Queen  
  38  3:17  Drone x2  
  38  3:18  Drone  
  41  3:26  Drone x4  
  45  3:28  Drone x2  
  45  3:32  Overlord  
  47  3:41  Drone  
  48  3:42  Queen  
  48  3:46  Overlord  
  50  3:53  Drone x2  
  52  3:57  Drone x4  
  52  4:02  Zergling x4  
  58  4:07  Spore Crawler  
  57  4:10  Overlord  
  56  4:19  Spore Crawler  
  56  4:20  Spore Crawler  
  56  4:21  Drone x5  
  59  4:26  Overlord x2  
  59  4:27  Drone  
  59  4:28  Drone  
  59  4:30  Drone  
  59  4:31  Drone x2  
  64  4:39  Queen  
  64  4:42  Overlord  
  66  4:46  Drone x6  
  66  4:48  Drone x2  
  73  4:53  Zergling x8  
  73  4:54  Drone  
  73  4:55  Drone  
  73  4:57  Overlord  
  79  5:00  Drone  
  79  5:05  Evolution Chamber x2  
  79  5:06  Lair, Extractor  
  79  5:07  Extractor  
  76  5:13  Drone x5  
  81  5:15  Drone  
  81  5:19  Drone  
  81  5:20  Drone x3  
  86  5:30  Drone x4  
  86  5:31  Hatchery, Drone  
  90  5:36  Drone  
  90  5:38  Zerg Melee Weapons Level 1, Zerg Ground Armor Level 1, Extractor  
  90  5:40  Extractor  
  89  5:44  Zergling x10  
  89  5:46  Baneling Nest  
  92  5:56  Zergling x10  
  97  5:58  Overlord  
  97  6:01  Extractor  
  97  6:02  Hatchery  
  95  6:08  Overlord  
  95  6:11  Zergling x2  
  95  6:12  Zergling x2  
  95  6:13  Overlord x2  
  97  6:18  Spire  
  97  6:19  Overlord x2  
  97  6:20  Zergling x8  
  97  6:25  Zergling x4  
  102  6:31  Zergling x10  
  107  6:32  Centrifical Hooks  
  107  6:36  Baneling x3  
  107  6:37  Overlord, Baneling  
  107  6:38  Drone, Baneling  
  107  6:39  Drone x2  
  110  6:42  Baneling x3  
  110  6:45  Zergling x4  
  112  6:49  Zergling x10  
  115  6:58  Zergling x6  
  118  7:03  Drone x3  
  121  7:15  Drone x6  
  127  7:24  Hatchery  
  127  7:26  Drone x3  
  127  7:27  Spawning Pool  
  127  7:37  Mutalisk x5  
  119  7:39  Mutalisk  
  118  7:47  Zerg Ground Armor Level 2, Zerg Melee Weapons Level 2  
  116  7:55  Zergling x14  
  116  7:56  Zergling x2  
  123  8:06  Zergling x24  
  123  8:09  Baneling x6  
  123  8:12  Zergling x6  
  135  8:15  Baneling x6  
  135  8:17  Zergling x4  
  135  8:26  Zergling x18  
  130  8:29  Baneling x6  
  130  8:33  Mutalisk x3  
  134  8:39  Mutalisk  
  134  8:41  Zergling x12  
  126  8:46  Mutalisk  
  124  8:52  Zergling x14  
  124  8:53  Zergling x6  
  134  9:00  Zergling x14  
  134  9:01  Baneling  
  140  9:04  Zergling x8  
  143  9:10  Overlord  
  143  9:16  Mutalisk x3, Zerg Flyer Weapons Level 1  
  150  9:24  Zergling x16  
  157  9:35  Zergling x24  
  169  9:45  Baneling  
  169  9:46  Baneling x15  
  169  9:49  Zergling x2  
  169  9:50  Zergling x12  
  176  9:56  Zergling x10  
  176  9:58  Overlord  
  176  9:59  Overlord  
  177  10:08  Baneling x11  
  177  10:13  Zergling x18  
  178  10:17  Zergling x2  
  178  10:18  Zergling x8  
  178  10:19  Baneling x3  
  175  10:27  Baneling x17  
  175  10:28  Baneling  
  172  10:43  Baneling x10  
  172  10:46  Zergling x2  
  172  10:47  Zergling x20, Overlord  
  183  10:59  Zergling x24  
  183  11:02  Baneling x9  
  188  11:12  Hatchery  
  188  11:14  Drone x7  
  188  11:16  Baneling x3  
  180  11:26  Drone x3  
  180  11:27  Drone  
  180  11:28  Drone x6  
  184  11:40  Mutalisk x5  
  194  11:49  Zergling x2  
  194  11:50  Zergling x4  
  197  11:54  Overlord x2  
  197  11:58  Zergling x18  
  196  12:03  Pneumatized Carapace  
  196  12:06  Overseer  
  172  12:15  Zergling x4  
  172  12:16  Zergling x26  
  172  12:21  Zergling x10  
  187  12:26  Zergling x6  
  187  12:27  Baneling x4  
  187  12:28  Baneling x4  
  188  12:32  Baneling x6  
  188  12:33  Baneling x2  
  180  12:42  Mutalisk x3  
  179  12:50  Zergling x20  
  183  13:14  Hatchery  
  183  13:15  Zergling x30  
  183  13:19  Baneling  
  195  13:20  Baneling x4  
Show
View Real Time Build Order
Export as new Build Order

ExpecT Terran 

Build Orders: Liberator Opening, Reaper Expand 

Get SALT Encoding   

  12  0:00  SCV  
  13  0:13  SCV  
  14  0:17  Supply Depot  
  14  0:25  SCV  
  15  0:38  SCV  
  15  0:40  Barracks  
  16  0:44  Refinery  
  16  0:50  SCV  
  17  1:03  SCV  
  18  1:15  SCV  
  19  1:27  Orbital Command  
  19  1:28  Reaper  
  20  1:39  Command Center  
  20  1:51  Supply Depot  
  20  1:52  SCV  
  21  1:59  Marine  
  22  2:05  Factory  
  22  2:09  SCV  
  23  2:22  Barracks Reactor  
  23  2:23  SCV  
  24  2:35  SCV  
  25  2:40  Command Center  
  25  2:47  SCV  
  26  2:53  Orbital Command  
  26  2:59  SCV, Refinery  
  27  3:06  Starport  
  27  3:12  SCV  
  28  3:18  Hellion x2  
  33  3:20  SCV  
  33  3:23  Barracks Tech Lab  
  33  3:30  SCV  
  33  3:32  SCV  
  35  3:41  Hellion x2  
  39  3:42  SCV  
  39  3:43  Viking  
  39  3:45  SCV  
  43  3:54  SCV  
  43  3:55  Orbital Command  
  44  3:57  SCV  
  45  4:05  Hellion  
  45  4:06  Hellion  
  48  4:10  SCV x2  
  48  4:15  Liberator  
  49  4:24  Stimpack, Marine, Barracks x2  
  49  4:27  SCV  
  49  4:31  SCV x2  
  53  4:37  Supply Depot  
  53  4:41  SCV  
  53  4:43  SCV x2, Refinery, Marine  
  57  4:46  Factory Tech Lab  
  57  4:50  Engineering Bay  
  57  4:53  SCV, Engineering Bay  
  57  4:55  SCV x2  
  60  5:01  Marine  
  60  5:02  Supply Depot, Starport Reactor  
  61  5:07  Orbital Command, Refinery  
  61  5:08  SCV  
  61  5:09  SCV  
  61  5:10  Siege Tank  
  61  5:12  Barracks Reactor  
  66  5:19  Marine  
  66  5:20  SCV  
  68  5:22  SCV  
  68  5:24  Marine x2  
  68  5:27  Supply Depot  
  68  5:28  Supply Depot  
  71  5:32  SCV, Supply Depot  
  71  5:35  Barracks  
  72  5:36  Barracks  
  72  5:38  Terran Infantry Weapons Level 1, Terran Infantry Armor Level 1  
  72  5:40  SCV  
  72  5:42  SCV  
  74  5:44  SCV  
  74  5:49  Marine  
  75  5:50  Marine x4  
  75  5:53  Medivac x2  
  75  5:56  SCV x2  
  86  6:01  SCV  
  86  6:03  Siege Tank  
  90  6:05  Supply Depot  
  90  6:07  Marine x2  
  90  6:08  SCV x2  
  94  6:13  Marine  
  94  6:14  Armory, Marine  
  94  6:16  Marine  
  97  6:21  Supply Depot  
  97  6:22  SCV x3  
  97  6:23  Combat Shield  
  97  6:25  Marine  
  100  6:26  Marine  
  100  6:29  Barracks Reactor  
  100  6:30  Barracks Reactor  
  100  6:31  Marine  
  103  6:34  SCV x3, Supply Depot  
  103  6:36  Marine x2  
  103  6:37  Refinery  
  108  6:43  Marine, Siege Tank  
  108  6:44  Marine  
  113  6:49  Marine  
  113  6:50  SCV x2  
  113  6:52  SCV  
  117  6:55  Marine x2  
  117  7:01  Marine  
  114  7:02  Marine  
  114  7:06  Marine  
  114  7:07  Supply Depot, Marine x4  
  114  7:08  Supply Depot  
  120  7:10  Factory  
  120  7:11  Medivac  
  120  7:12  Medivac  
  120  7:13  Marine  
  125  7:17  Supply Depot  
  125  7:19  Supply Depot  
  125  7:29  Marine x6, Siege Tank  
  134  7:30  Missile Turret  
  134  7:35  Missile Turret  
  131  7:40  Marine x3  
  126  7:46  Medivac x2, Marine x4  
  134  7:51  Missile Turret  
  134  7:53  Drilling Claws  
  134  7:57  Marine x2  
  134  7:58  Factory Reactor  
  136  8:01  Siege Tank  
  136  8:02  Supply Depot  
  136  8:03  Command Center  
  138  8:07  Terran Infantry Weapons Level 2  
  138  8:09  Marine x3  
  139  8:13  Marine x4  
  139  8:15  Marine x2  
  139  8:16  Terran Infantry Armor Level 2  
  121  8:27  Marine x3  
  121  8:31  Marine x4  
  121  8:32  Supply Depot, Marine  
  110  8:41  Marine  
  110  8:44  Medivac x2  
  110  8:45  Marine x3  
  110  8:46  Widow Mine x3  
  122  8:53  Marine x5  
  127  8:59  Marine, Barracks  
  127  9:00  Supply Depot, Barracks  
  127  9:02  Marine, Barracks  
  127  9:03  Marine  
  129  9:10  Widow Mine, Thor  
  129  9:11  Widow Mine  
  129  9:15  Medivac x2  
  142  9:18  Missile Turret, Marine x7  
  142  9:20  Marine  
  142  9:21  Marine  
  150  9:34  Widow Mine x2  
  150  9:35  Marine  
  150  9:36  Marine x2  
  157  9:39  Supply Depot  
  157  9:41  Supply Depot  
  157  9:42  Marine  
  157  9:43  Marauder  
  160  9:46  Planetary Fortress  
  160  9:48  Marine  
  159  9:52  Thor  
  159  9:53  Barracks Tech Lab x2  
  159  9:55  Marine x4, Barracks Tech Lab  
  159  9:57  Missile Turret  
  159  9:59  Missile Turret  
  164  10:00  SCV x3  
  166  10:14  Marauder x2, Marine x3  
  160  10:16  Marine  
  160  10:17  Marauder x2  
  160  10:19  Marine  
  160  10:20  Marine  
  161  10:23  Marine  
  161  10:24  Marine  
  157  10:33  Marine x2  
  161  10:36  Marauder  
  161  10:38  Terran Infantry Weapons Level 3  
  161  10:42  Orbital Command  
  161  10:57  Marine x2  
  161  10:58  Marauder x2  
  161  10:59  Marauder x2, Marine x3  
  170  11:05  Marine x2  
  170  11:08  Supply Depot  
  158  11:16  Orbital Command  
  152  11:31  Supply Depot x2, Marine x2  
  152  11:32  Marauder  
  156  11:33  Marauder, Thor  
  156  11:35  Missile Turret  
  156  11:38  SCV x3  
  161  11:40  Missile Turret  
  161  11:42  SCV  
  160  11:47  Medivac  
  160  11:48  Medivac  
  160  11:52  SCV x2  
  164  12:02  Marauder, Marine x5  
  164  12:03  Marauder x3, Marine x2  
  147  12:17  Marine  
  147  12:20  Marine x3  
  147  12:22  Marine  
  127  12:23  Marine  
  127  12:24  Marauder x4  
  127  12:28  Marine  
  127  12:29  Marine  
  128  12:35  Marine  
  129  12:38  Orbital Command, Marine x3  
  129  12:40  Medivac  
  129  12:44  Marine x2  
  126  12:45  Marauder x2  
  126  12:46  Marauder x2  
  126  12:49  Marine  
  136  12:56  Thor  
  136  12:58  Marine  
  119  13:06  Marauder  
  119  13:07  Marauder  
  119  13:11  Missile Turret  
  121  13:16  SCV x3  
  121  13:19  Medivac x2, Marine x2  
  132  13:20  Marauder  
  132  13:23  SCV  
Tags
 
Add a new tag
Caveats
  • Supply blocks, unpowered buildings, or Contaminate may cause inaccurate times.
  • Supply counts are checked every 10 seconds.